← All builds
Front / Armada / Quick factory / OBSERVED BUILD

Mace rush

Front skips the usual Vehicle Plant opening for an early Bot Lab, pushing Mace bots out by 2:18 to fight forward at middle well before the norm, later adding Centurion to hold the line.

#rush #push · 15 distinct matches · 8 players · 1% of Armada Front games · team won 47% of 15 · Recently observed

THE CATCH, AND WHAT COMES WITH IT
  • MaceT1 bot assault from 2:18 · 3% of role by thenFrom the Bot Lab. Only 3% of Front games have it by then; others who build it get it around 3:09
  • MaceMace in 87%2% of all Front games by then
  • CenturionCenturion in 40%13% of all Front games by then

Where those units first fight, in 15 games with kill data: in the middle 87%, on their own side 13%.

Those units destroy a typical 2,122 metal of enemy units by 15:00.

Then transitions into pawn (8% of army).

HOW TO PLAY IT

Key timing: Mace by 2:18

  1. Open Bot Lab fast with mex spread as usual for Front.
  2. Push Mace out far earlier than normal to fight at middle.
  3. Keep Mace flowing to sustain pressure on the middle push.
  4. Reinforce with more Mace to hold the line as numbers grow.
  5. Fold in Centurion and settle into a standard bot-heavy composition.

Phase by phase

TYPICAL OF ITS 15 GAMES · AGAINST STANDARD FRONT
  1. 1
  2. 2
  3. 3
  4. 4
PLAY THE OPENING

Follow the example game's first 6:00 step by step: what to build now, what comes next, and where it goes. At 1× it keeps pace with your own game.

  1. 1

    Up to the Bot Lab

    Economy
    • Metal Extractor2Mex
    Order
    1. Bot LabBot Lab after 2 mexdone ~0:33, middle half 0:26–0:42

    By 0:16 in all: 2 mex

    The example game in this phase · 2 steps
    1. Mex ×3
    2. Bot LabBot Labdone 0:45 · typical 0:33
  2. 2

    Bot Lab to T1 bot assault

    Economy
    • Metal Extractor3Mex
    • Wind Turbine2Wind
    Order
    1. MaceT1 bot assault after 5 mex, 2 wind
    Builders
    • Construction Bot2 Con bot +2 vs standard
    • Lazarus1 Lazarus
    Army
    • Centurion1 Centurion
    • Tick1 Tick

    Some games also: pawn (40%)

    The standard build makes here, this one skips: 2 con vehicle

    By 2:18 in all: 5 mex · 2 wind

    The example game in this phase · 9 steps
    1. CenturionCenturion
    2. Solar
    3. Wind
    4. Construction BotCon bot
    5. Mex
    6. Construction BotCon bot
    7. Mex
    8. Construction BotCon bot
    9. MaceMacedone 2:18
  3. 3

    T1 bot assault to 5:00

    Economy
    • Metal Extractor2Mex
    • Wind Turbine4Wind+2 vs standard
    Builders
    • Construction Turret1 Con turret
    • Lazarus2 Lazarus +2 vs standard
    Army
    • Sentry1 Sentry
    • Mace11 Mace +11 vs standard

    Some games also: con bot (40%)

    By 5:00 in all: 7 mex · 11 wind (standard 5) · 1 con turret

    The example game in this phase · 21 steps
    1. MaceMace
    2. Mex
    3. MaceMace ×3
    4. LazarusLazarus
    5. MaceMace ×4
    6. SentrySentry
    7. MaceMace
    8. SentrySentry
    9. LazarusLazarus
    10. Construction BotCon bot
    11. MaceMace ×3
    12. GuardGuard
    13. MaceMace ×2
    14. LazarusLazarus
    15. MaceMace ×2
    16. Wind
    17. MaceMace ×2
    18. Wind
    19. MaceMace ×2
    20. Wind
    21. MaceMace
  4. 4

    5:00 to 10:00

    Economy
    • Metal Extractor1Mex
    • Wind Turbine19Wind
    Builders
    • Construction Turret3 Con turret
    • Lazarus3 Lazarus +3 vs standard
    • Construction Bot1 Con bot
    Army
    • Mace9 Mace +9 vs standard

    Some games also: Sentry (47%) · centurion (40%) · Beamer (40%) · converter (40%) · Radar Tower (40%)

    The standard build makes here, this one skips: 4 blitz

    By 10:00 in all: 8 mex · 30 wind · 4 con turret

    The example game in this phase · 68 steps
    1. MaceMace ×2
    2. Wind
    3. MaceMace
    4. LazarusLazarus
    5. Wind
    6. MaceMace
    7. Wind
    8. MaceMace
    9. ThugThug
    10. MaceMace
    11. Wind
    12. ThugThug
    13. MaceMace
    14. Wind
    15. LazarusLazarus
    16. ThugThug
    17. Wind
    18. MaceMace
    19. Wind
    20. MaceMace
    21. ThugThug
    22. Wind
    23. MaceMace
    24. ThugThug
    25. RocketeerRocketeer
    26. MaceMace
    27. Wind
    28. ThugThug
    29. LazarusLazarus
    30. Wind
    31. MaceMace
    32. ThugThug
    33. Wind
    34. MaceMace ×2
    35. Wind
    36. MaceMace ×2
    37. Wind
    38. MaceMace
    39. LazarusLazarus
    40. ThugThug ×2
    41. MaceMace ×2
    42. ThugThug
    43. MaceMace ×2
    44. Con turret
    45. CenturionCenturion
    46. MaceMace ×2
    47. LazarusLazarus
    48. ThugThug ×2
    49. MaceMace ×3
    50. Con turret
    51. MaceMace ×2
    52. ThugThug
    53. MaceMace ×2
    54. LazarusLazarus
    55. MaceMace
    56. AggravatorAggravator
    57. MaceMace ×2
    58. AggravatorAggravator ×3
    59. MaceMace
    60. LazarusLazarus
    61. Advanced Metal ExtractorT2 mexdone 10:12 · typical 9:32
    62. AggravatorAggravator ×2
    63. MaceMace ×4
    64. ThugThug
    65. MaceMace
    66. ThugThug
    67. MaceMace ×2
    68. Advanced Metal ExtractorT2 mex

Counts are medians over the build's games: half of them build more, half fewer. The example game is [crd]sisa's (41 OS, 22/08/2026); pick another.

Team trades

IN AT LEAST 30% OF ITS GAMES

You hand over

Nothing regular.

You get

  • Tidal Generator4 Tidal from Pondfirst at 0:18 · in 80% of games
  • Advanced Construction Bot1 T2 con bot from Geo or Techfirst at 7:18 · in 60% of games

How it plays out

Typical game of this build against the role’s standard build, running totals by minute

  • This build
  • Standard front

Metal produced

010k20k30k
0:005:0010:0015:00

metal

Enemy metal destroyed

05k10k
0:005:0010:0015:00

metal

Own metal lost

05k10k
0:005:0010:0015:00

metal

15 games.

Show as table
ByMetal produced: This buildMetal produced: Standard frontEnemy metal destroyed: This buildEnemy metal destroyed: Standard frontOwn metal lost: This buildOwn metal lost: Standard front
1:003313330000
2:00863846021031
3:00169916247514071105
4:0027952712439540182333
5:004062386810841188910813
6:00534350761735209913521526
7:00644163142290298430462459
8:00782876623193387133583365
9:00913390873580463246404312
10:0011085106664118530860935060
11:0013421126084462581961335701
12:0015520148154462631368986521
13:0018534174405930698171867256
14:0019950201836162758492778093
15:0023449226306842839496728939
WHAT THE NUMBERS SAY

Team win rate fell well short of the standard build despite similar economy and damage numbers.

  • + Metal produced stayed close to or above standard through 15:00.
  • + Mace timing at 2:18 is drastically ahead of the role's norm.
  • − Team win rate 47% versus standard's 61%.
  • − Own metal lost at 10:00 above standard (6093 vs 5092).
THE EXAMPLE YOU ARE READING

[crd]sisa

40.7 OS · 22/08/2026

Open source match ↗

22 received units · includes a constructor
732 metal received · 15141 energy received

Allied construction assistance is unknown. Timings are observations, not a promise of solo reproducibility.

Typical milestones

Bot Lab0:33Middle 50%: 0:26–0:42 · n=15
Advanced Metal Extractor9:32Middle 50%: 8:37–11:20 · n=12

Played most by

[crd]sisa7games of this buildOUDLES2games of this buildCentientWaffle1game of this buildhaaven1game of this buildJustSomeGuy1game of this build